 Dungeon Crawl Stone Soup version 0.20.1-1-g8b1a95d (webtiles) character file.

3548 Irenicus the Martial Artist (level 10, -3/56 HPs)
             Began as an Octopode Chaos Knight on Oct 18, 2017.
             Killed from afar by an orc wizard (10 damage)
             ... with a magic dart
             ... on level 8 of the Dungeon.
             The game lasted 00:20:31 (7137 turns).

Irenicus the Martial Artist (Octopode Chaos Knight) Turns: 7137, Time: 00:20:32

Health: -3/56      AC:  1    Str:  7    XL:     10   Next: 9%
Magic:  11/11      EV: 18    Int: 13    God:    Xom [*.....]
Gold:   363        SH:  5    Dex: 13    Spells: 9/9 levels left

rFire    . . .     SeeInvis .     - Unarmed
rCold    . . .     Gourm    .   E - +0 buckler
rNeg     . . .     Faith    .   (helmet restricted)
rPois    .         Spirit   .   p - amulet of rage
rElec    .         Reflect  .   n - ring of flight
rCorr    .         Harm     .   (no ring)
MR       +....                  C - ring of protection from magic
Stlth    +++.......             (no ring)
Regen    0.2/turn               (no ring)
MPRegen  0.2/turn               (no ring)
                                (no ring)
                                (no ring)

@: no status effects
A: almost no armour, stealthy swim, amphibious, 8 rings, constrict 8, camouflage
1, blurry vision 1, clumsy 1, dopey 1, frail 1, sense surroundings 1, weak 2,
gelatinous body 1, subdued magic 1
a: Renounce Religion, Evoke Berserk Rage, Evoke Flight


You were on level 8 of the Dungeon.
You worshipped Xom.
You were a special plaything of Xom.
You were hungry.

You visited 1 branch of the dungeon, and saw 8 of its levels.
You also visited: Ossuary.

You collected 363 gold pieces.

Inventory:

Armour
 E - a +0 buckler (worn)
Magical Staves
 m - an uncursed staff of poison
Jewellery
 n - a ring of flight (left tentacle)
 p - an amulet of rage (around mantle)
 r - an uncursed ring of ice
 y - an uncursed ring of ice
 C - a ring of protection from magic (on tentacle)
 K - an uncursed amulet of guardian spirit
Wands
 l - a wand of enslavement (8/24)
 I - a wand of enslavement (6/24)
Scrolls
 d - a scroll of fear
 e - 2 scrolls of amnesia {unknown}
 f - 4 scrolls of recharging {unknown}
 g - a scroll of blinking
 i - a scroll of random uselessness {unknown}
 j - 7 scrolls of teleportation
 t - 3 scrolls of fog {unknown}
 u - 3 scrolls of remove curse
 w - 3 scrolls of noise {unknown}
 x - 4 scrolls of identify
 F - a scroll of magic mapping {unknown}
 H - 2 scrolls of holy word {unknown}
 J - 3 scrolls of immolation {unknown}
Potions
 a - 2 potions of berserk rage
 c - a potion of curing
 k - 3 potions of resistance
 o - 3 potions of lignification
 q - a potion of flight
 s - a potion of mutation
 v - 3 potions of haste
 A - a potion of invisibility {unknown}
 B - 7 potions of heal wounds
 L - 2 potions of ambrosia {unknown}
 M - a potion of magic {unknown}
 N - 2 potions of agility {unknown}
Books
 G - the Volume of Burning Feathers
   (You found it on level 5 of the Dungeon)

   Spells                             Type                      Level
   a - Throw Flame                    Conjuration/Fire             2
   b - Inner Flame                    Hexes/Fire                   3
   c - Freezing Cloud                 Conjuration/Ice/Air          6
   d - Tornado                        Air                          9
Miscellaneous
 z - a fan of gales
Comestibles
 b - 12 royal jellies
 h - 5 meat rations
 D - 3 bread rations


   Skills:
 - Level 3.0 Fighting
 + Level 8.8 Dodging
 - Level 5.2 Shields
 - Level 10.1 Unarmed Combat
 - Level 2.1 Evocations


You had 9 spell levels left.
You didn't know any spells.

Dungeon Overview and Level Annotations

Branches:
Dungeon (8/15)             Temple (0/1) D:4
   Lair: D:8-11

Altars:
Gozag
Nemelex Xobeh
Okawaru
Vehumet
Xom
Zin

Shops:
D:4 *   D:7 :

Annotations:
D:7 Bazinga's ghost, novice MiBe


Innate Abilities, Weirdness & Mutations

You cannot wear most types of armour.
You are very stealthy in the water. (Stealth+)
You are amphibious.
You can wear up to eight rings at the same time.
You can use your tentacles to constrict eight enemies at once.
Your skin changes colour to match your surroundings (Stealth+).
Your rubbery body absorbs attacks. (AC +1, EV +1)
Scrolls take you a little longer to read.
You are clumsy. (Dex -2)
You are dopey. (Int -2)
You are frail. (-10% HP)
You passively map a small area around you.
You are very weak. (Str -4)
Your spells are a little easier to cast, but a little less powerful.


Message History

The electric eel completely resists.
The howler monkey moves out of view.
A gnoll, an orc warrior and a skeleton come into view.
You release your grip on the electric eel.
The orc wizard mumbles some strange words.
The orc wizard blinks!
You tentacle-slap the electric eel. You grab the electric eel.
You tentacle-slap the electric eel.
The electric eel is almost dead.
You constrict the electric eel.
The electric eel shoots out a bolt of lightning at you!
The bolt of electricity hits you!
* * * LOW HITPOINT WARNING * * *
You bludgeon the electric eel!
You kill the electric eel!
Okay, then.
Really read with blurry vision while enemies are nearby?
Okay, then.
The orc wizard points at you and mumbles some strange words.
The magic dart hits you!
You die...

, .## ≈..≈###.........#
#...#Z≈#...#.....<..# ,
., .⌠g#≈≈#.⌠.#.....^..#
.. ,.o#≈≈#...#........#
,
?.o###o≈≈≈###.........#
,
...g≈≈≈≈≈≈......(....#
*
..ogg≈≈≈≈≈........|..#
, **#≈≈≈≈###.........#
* #h..#@≈#...#........#
#. #≈≈#.⌠.#.######## ,
,, #≈≈#...#.#
**#≈..≈###..# *,
..........#
......###### ########


You could see an orc priest, an orc wizard, 4 gnolls, an orc and a hound
skeleton.

Vanquished Creatures
  Erica (D:8)
  Pikel (D:4)
  Sigmund (D:5)
  Menkaure (D:5)
  An orc warrior (D:7)
  An ice beast (D:5)
  A sky beast (D:5)
  A slave (D:3)
  A black bear (D:7)
  2 ogres
  A phantom (D:7)
  A big kobold (D:7)
  4 bullfrogs
  7 scorpions
  A killer bee (D:7)
  An electric eel (D:8)
  A quasit (D:7)
  3 centaur zombies (Ossuary)
  2 human zombies (Ossuary)
  A jelly (D:7)
  3 orc priests
  A bullfrog skeleton (D:4)
  3 orc wizards
  2 worker ants
  A statue (D:4)
  A hound skeleton (D:4)
  4 mummies
  A gnoll (D:4)
  3 scorpion zombies (Ossuary)
  8 adders
  5 worms
  A dart slug (D:3)
  5 leopard geckos
  8 orcs
  10 bats
  3 giant cockroaches
  2 gnoll zombies (Ossuary)
  6 goblins
  6 hobgoblins
  6 jackals
  2 quokkas
  A ball python (D:3)
  6 frilled lizards
  A goblin zombie (Ossuary)
  A hobgoblin zombie (Ossuary)
  10 kobolds
  A leopard gecko skeleton (D:8)
  A quokka zombie (D:4)
  4 rats
139 creatures vanquished.

Vanquished Creatures (collateral kills)
  A phantom (D:4)
  2 scorpions (Ossuary)
  2 killer bees (D:7)
  An orc priest (D:4)
  An orc wizard (D:4)
  A centaur skeleton (D:4)
  A big kobold zombie (Ossuary)
  2 gnolls (D:4)
  An adder (D:8)
  3 orcs
15 creatures vanquished.

Vanquished Creatures (others)
  A killer bee (D:7)
  A scorpion (Ossuary)
  A hound (D:4)
  3 jackals (D:4)
6 creatures vanquished.

Grand Total: 160 creatures vanquished

Notes
Turn   | Place    | Note
-------+----------+-------------------------------------------
     0 | D:1      | Irenicus the Octopode Chaos Knight began the quest for the Orb.
     0 | D:1      | Reached XP level 1. HP: 16/16 MP: 1/1
   109 | D:1      | Reached XP level 2. HP: 16/21 MP: 2/2
   127 | D:1      | XOM: silly message
   476 | D:1      | XOM: silly message
   529 | D:1      | XOM: potion effect (haste)
   570 | D:1      | Reached skill level 4 in Unarmed Combat
   788 | D:1      | Reached XP level 3. HP: 25/26 MP: 3/3
   967 | D:2      | You fall through a shaft!
   991 | D:3      | Reached XP level 4. HP: 16/31 MP: 4/4
  1108 | D:3      | XOM: god gift: gnarled glowing staff {god gift}
  1149 | D:3      | Reached skill level 5 in Unarmed Combat
  1459 | D:3      | Reached skill level 1 in Evocations
  1567 | D:3      | XOM: smoke on damage
  1726 | D:2      | XOM: god gift: 9 royal jellies
  1813 | D:2      | Reached XP level 5. HP: 33/36 MP: 6/6
  2026 | D:2      | XOM: god gift: fan of gales
  2072 | D:4      | Noticed a phantom
  2092 | D:4      | Found Zin's Purification Station.
  2092 | D:4      | Found a glowing silver altar of Zin.
  2092 | D:4      | Found a staircase to the Ecumenical Temple.
  2092 | D:4      | XOM: 4-stop teleportation journey
  2095 | D:4      | XOM: cast spell 'Summon Mana Viper'
  2104 | D:4      | Killed a phantom
  2411 | D:4      | Reached skill level 6 in Unarmed Combat
  2418 | D:4      | Noticed a slave
  2418 | D:4      | Noticed a slave
  2418 | D:4      | Noticed a slave
  2419 | D:4      | Noticed Pikel
  2419 | D:4      | Noticed a slave
  2420 | D:4      | XOM: fog
  2448 | D:4      | Reached XP level 6. HP: 31/42 MP: 7/7
  2452 | D:4      | XOM: 2-stop teleportation journey
  2460 | D:4      | XOM: potion effect (brilliance)
  2474 | D:4      | XOM: scenery: create altars
  2505 | D:3      | Killed a slave
  2560 | D:3      | XOM: cloud trail
  2813 | D:4      | Found a radiant altar of Vehumet.
  2819 | D:4      | XOM: potion effect (might)
  2857 | D:4      | XOM: divination: detect creatures
  2931 | D:4      | XOM: potion effect (brilliance)
  2935 | D:4      | Killed Pikel
  2935 | D:4      | Reached skill level 8 in Unarmed Combat
  2935 | D:4      | Reached XP level 7. HP: 46/46 MP: 8/8
  2943 | D:4      | Reached skill level 9 in Unarmed Combat
  2943 | D:4      | Reached XP level 8. HP: 37/52 MP: 9/9
  3062 | D:4      | XOM: butterfly on damage
  3063 | D:4      | XOM: cast spell 'Call Canine Familiar'
  3131 | D:4      | XOM: mild Hex miscast
  3492 | D:5      | Entered Level 5 of the Dungeon
  3501 | D:5      | XOM: enchant monster (good)
  3507 | D:5      | Gained mutation: Your spells are a little easier to cast, but a little less powerful. [mutagenic meat]
  3508 | D:5      | Gained mutation: You passively map a small area around you. [mutagenic meat]
  3513 | D:5      | Noticed Menkaure
  3603 | D:5      | Killed Menkaure
  3603 | D:5      | Reached skill level 10 in Unarmed Combat
  3621 | D:5      | XOM: 4-stop teleportation journey
  3709 | D:5      | XOM: swap monsters
  3832 | D:5      | Identified the Volume of Burning Feathers
  3891 | D:5      | Noticed Sigmund
  3900 | D:5      | XOM: mild Summ miscast
  3901 | D:5      | Killed Sigmund
  4036 | D:5      | XOM: give mutations
  4036 | D:5      | Gained mutation: You are frail. (-10% HP) [Xom's mischief]
  4036 | D:5      | Gained mutation: You are weak. (Str -2) [Xom's mischief]
  4036 | D:5      | Gained mutation: You are dopey. (Int -2) [Xom's mischief]
  4124 | D:5      | Found a sparkling altar of Nemelex Xobeh.
  4151 | D:5      | XOM: harmless Pois miscast
  4312 | D:6      | Reached XP level 9. HP: 7/50 MP: 10/10
  4319 | D:6      | XOM: 5-stop teleportation journey
  4336 | D:6      | XOM: silly message
  4633 | D:6      | XOM: confuse monster(s)
  4636 | D:6      | Reached skill level 5 in Shields
  4781 | D:6      | Found an opulent altar of Gozag.
  5245 | D:7      | Found Veraom's Book Emporium.
  5288 | D:7      | XOM: give mutations
  5288 | D:7      | Gained mutation: Scrolls take you a little longer to read. [Xom's mischief]
  5288 | D:7      | Gained mutation: You are clumsy. (Dex -2) [Xom's mischief]
  5288 | D:7      | Gained mutation: You are very weak. (Str -4) [Xom's mischief]
  5308 | D:7      | Found a sand-covered staircase.
  5382 | Ossuary  | Entered an ossuary
  5408 | Ossuary  | XOM: noise
  5588 | Ossuary  | XOM: harmless Hex miscast
  5619 | Ossuary  | Reached skill level 5 in Dodging
  5683 | Ossuary  | XOM: cast spell 'Summon Horrible Things'
  5865 | Ossuary  | XOM: harmless Chrm miscast
  6037 | D:7      | Noticed Bazinga's ghost (novice MiBe)
  6443 | D:7      | XOM: summons friendly iron imp
  6447 | D:7      | XOM: enchant monster (good)
  6455 | D:7      | XOM: polymorph iron imp -> crimson imp
  6786 | D:7      | XOM: confusion
  6833 | D:7      | Found an iron altar of Okawaru.
  6967 | D:8      | Noticed Erica
  6971 | D:8      | XOM: noise
  6973 | D:8      | XOM: mild Pois miscast
  6981 | D:8      | Killed Erica
  6981 | D:8      | Reached XP level 10. HP: 25/56 MP: 11/11
  7033 | D:7      | XOM: harmless Summ miscast
  7133 | D:8      | XOM: noise
  7137 | D:8      | Killed from afar by an orc wizard

Skill      XL: |  1  2  3  4  5  6  7  8  9 |
---------------+----------------------------+-----
Unarmed Combat | 4 5 6 8 9 10 | 10.1
Evocations     | 2 |  2.1
Shields        | 4 5 |  5.2
Dodging        | 8 |  8.8
Fighting       | |  3.0

Action                   |  1- 3 |  4- 6 |  7- 9 | 10-12 || total
-------------------------+-------+-------+-------+-------++-------
Melee: Unarmed           |    72 |   102 |   275 |    11 ||   460
       Constrict         |    23 |    25 |    42 |     4 ||    94
       Tentacles         |    14 |    18 |    39 |     1 ||    72
       Punch             |     4 |     3 |    12 |     2 ||    21
 Abil: Evoke Berserk Rag |       |     1 |     1 |       ||     2
Evoke: Fan of gales      |       |     1 |       |       ||     1
       Wand              |       |       |     6 |       ||     6
  Use: Potion            |     1 |     2 |     4 |       ||     7
       Scroll            |       |       |     9 |       ||     9
 Stab: Sleeping          |     3 |     3 |     6 |       ||    12
       Distracted        |       |     1 |       |       ||     1
       Paralysed         |       |       |     6 |       ||     6
  Eat: Chunk             |       |     3 |    10 |     1 ||    14
       Bread ration      |       |     1 |       |       ||     1
       Fruit             |       |       |     5 |       ||     5
Armor: Skin              |     6 |     6 |     5 |       ||    17
Dodge: Dodged            |    52 |    51 |   127 |     6 ||   236
Block: Buckler           |       |       |    38 |       ||    38
